 Dungeon Crawl Stone Soup version 0.29.1-15-g9cfb28693d (webtiles) character file.

Game seed: 11998382808521982525

1295 Koragg the Chopper (level 8, -4/46 HPs)
             Began as a Gnoll Chaos Knight on Apr 8, 2023.
             Was a Believer of Hepliaklqana.
             Slain by an orc priest
             ... wielding a +0 mace
              (6 damage)
             ... on level 6 of the Dungeon.
             The game lasted 00:18:09 (4755 turns).

Koragg the Chopper (Gnoll Chaos Knight)             Turns: 4755, Time: 00:18:12

Health: -4/46      AC: 10    Str: 13    XL:     8   Next: 56%
Magic:  13/13      EV: 11    Int: 13    God:    Hepliaklqana [**....]
Gold:   150        SH:  0    Dex: 11    Spells: 7/14 levels left

rFire   + . .      SeeInvis .   a - +0 hand axe (chaos)
rCold   + . .      Faith    .   (no shield)
rNeg    . . .      Spirit   .   i - +4 ring mail
rPois   .          Reflect  .   (no helmet)
rElec   .          Harm     .   h - scarf {rC+ rF+}
rCorr   .          Rampage  .   (no gloves)
Will    +....                   (no boots)
Stlth   ++........              g - amulet of magic regeneration
HPRegen 0.15/turn               k - ring of willpower
MPRegen 0.53/turn               (no ring)

@: mighty, lethally poisoned (-4 -> -14)
A: reduced essence, fangs 1, strong nose, distributed training, frail 2
a: Renounce Religion, Recall Ancestor, Ancestor Identity


You were on level 6 of the Dungeon.
You worshipped Hepliaklqana.
Hepliaklqana was pleased with you.
You visited 1 branch of the dungeon, and saw 6 of its levels.
You also visited: Sewer.

You collected 150 gold pieces.

Inventory:

Hand Weapons
 a - a +0 hand axe of chaos (weapon)
Missiles
 o - a curare-tipped dart (quivered)
 t - 4 boomerangs
Armour
 h - a scarf of resistance (worn)
 i - a +4 ring mail (worn)
Jewellery
 g - an amulet of magic regeneration (around neck)
 k - a ring of willpower (left hand)
Wands
 b - a wand of digging (5)
Scrolls
 e - a scroll of poison
 l - 2 scrolls of teleportation
 r - a scroll of acquirement {unknown}
Potions
 d - a potion of lignification {unknown}
 n - a potion of magic {unknown}
 s - a potion of haste {unknown}
Miscellaneous
 c - a piece from Xom's chessboard (12/15)


   Skills:
 + Level 7.5 Fighting
 + Level 3.5 Short Blades
 + Level 3.5 Long Blades
 + Level 7.5 Axes
 + Level 3.5 Maces & Flails
 + Level 3.5 Polearms
 + Level 3.5 Staves
 + Level 3.5 Ranged Weapons
 + Level 3.5 Throwing
 + Level 5.8 Armour
 + Level 4.4 Dodging
 + Level 3.5 Stealth
 + Level 3.5 Shields
 + Level 3.5 Unarmed Combat
 + Level 3.5 Spellcasting
 + Level 2.9 Conjurations
 + Level 2.9 Hexes
 + Level 2.9 Summonings
 + Level 2.9 Necromancy
 + Level 2.9 Translocations
 + Level 2.9 Transmutations
 + Level 2.9 Fire Magic
 + Level 2.9 Ice Magic
 + Level 2.9 Air Magic
 + Level 2.9 Earth Magic
 + Level 2.9 Poison Magic
 + Level 3.9 Invocations
 + Level 3.5 Evocations


You had 7 spell levels left.
You knew the following spells:

 Your Spells              Type           Power      Damage    Failure   Level
a - Fulminant Prism       Conj/Hex       4%         3d6       78%         4
b - Stone Arrow           Conj/Erth      18%        3d8       36%         3

Your spell library contained the following spells:

 Spells                   Type           Power      Damage    Failure   Level
 Sandblast                Erth           18%        2d7       13%         1
 Passwall                 Tmut/Erth      7%         N/A       21%         2
 Iskenderun's Mystic Bla  Conj/Tloc      9%         2d4       78%         4
 Lee's Rapid Deconstruct  Erth           4%         3d6*      98%         5


Dungeon Overview and Level Annotations

Branches:
Dungeon (6/15)              Sewer (visited)
 Temple: D:4-7

Altars:
Hepliaklqana
Trog


Innate Abilities, Weirdness & Mutations

Your life essence is reduced to manifest your ancestor. (-10% HP)
You have very sharp teeth.
Your uncanny sense of smell can sniff out nearby items.
Your experience applies equally to all skills.
You are very frail. (-20% HP)


Message History

The iguana bites you.
* * * LOW HITPOINT WARNING * * *
You closely miss the centaur.
The centaur is heavily wounded.
You miss something. You hit the iguana. Lightning courses through the iguana!!
You kill the iguana!
The centaur closely misses you. x2; Something hits you but does no damage.
You are poisoned.
The orc priest looks braver for a moment.
The centaur hits you but does no damage.
The centaur closely misses you.
You barely miss the centaur.
The centaur is heavily wounded.
You miss something.
* * * LOW HITPOINT WARNING * * *
You feel very sick.
The centaur hits you but does no damage.
The centaur closely misses you. Something hits you but does no damage.
Unknown command.
You slash the centaur!
You kill the centaur!
You closely miss the orc priest. You completely miss something.
* * * LOW HITPOINT WARNING * * *
You feel sick. The orc priest closely misses you.
Something hits you but does no damage.
You are lethally poisoned!
You slash something!
Reactivating autopickup.
You feel a bit more experienced.
You slash the orc priest!
The orc priest goes berserk!
* * * LOW HITPOINT WARNING * * *
You feel very sick. The orc priest barely misses you.
You hit the orc priest.
The orc priest resists with some effort.
The orc priest is severely wounded.
* * * LOW HITPOINT WARNING * * *
You feel very sick. The orc priest hits you with a +0 mace.
You die...

.. ..... ...# . #...#
...# . #.#.##...#
#.#...b.[..#
..##.#b.bb#.#.# .
#......b......#...
##...#..ob#.....##
.......@)......... ∆
...#...b..#.....#.
#.#.#b.#....<...
#.#......#.....##.# ###
.........#......... ..
#.####...#.#...##..###.
###.......#.##....#.
##...#+#.#.#.##......
#..........#.##......


You could see an orc priest (berserk, ally target).

Vanquished Creatures
  A steam dragon (D:6)
  A centaur (D:6)
  A kobold brigand (Sewer)
  A scorpion (D:5)
  2 orc wizards (D:6)
  Jessica (D:2)
  2 iguanas
  A gnoll (D:3)
  2 river rats (Sewer)
  4 adders
  2 dart slugs (D:2)
  An orc (D:6)
  4 ball pythons
  6 endoplasms
  3 giant cockroaches (D:1)
  2 goblins
  4 quokkas
  4 bats
  4 frilled lizards
  8 kobolds
  5 rats
59 creatures vanquished.

Vanquished Creatures (collateral kills)
  A water moccasin (D:5)
  3 kobold brigands (Sewer)
  A scorpion (D:5)
  4 hounds
  2 iguanas (D:5)
  An orc wizard (D:6)
  3 gnolls (D:3)
  7 adders
  2 river rats (Sewer)
  3 worms
  The ghost of leafyfresh the Sneak, a weakling OpDe (D:5)
  2 orcs (D:6)
  5 ball pythons
  2 bats (D:1)
  8 endoplasms
  2 giant cockroaches
  3 goblins (D:1)
  A quokka (D:1)
  A frilled lizard (D:2)
  6 kobolds
  5 rats
63 creatures vanquished.

Vanquished Creatures (others)
  2 battlemagi
2 creatures vanquished.

Grand Total: 124 creatures vanquished

Notes
Turn   | Place    | Note
-------+----------+-------------------------------------------
     0 | D:1      | Koragg the Gnoll Chaos Knight began the quest for the Orb.
     0 | D:1      | Reached XP level 1. HP: 23/23 MP: 1/1
   173 | D:1      | Reached XP level 2. HP: 26/29 MP: 2/2
   751 | D:2      | Noticed Jessica
   766 | D:2      | Killed Jessica
   767 | D:2      | Reached skill level 1 in Invocations
   767 | D:2      | Reached XP level 3. HP: 34/35 MP: 2/4
   803 | D:2      | Reached skill level 1 in Short Blades
   803 | D:2      | Reached skill level 1 in Long Blades
   803 | D:2      | Reached skill level 1 in Maces & Flails
   803 | D:2      | Reached skill level 1 in Polearms
   803 | D:2      | Reached skill level 1 in Staves
   803 | D:2      | Reached skill level 1 in Ranged Weapons
   803 | D:2      | Reached skill level 1 in Throwing
   803 | D:2      | Reached skill level 1 in Stealth
   803 | D:2      | Reached skill level 1 in Shields
   803 | D:2      | Reached skill level 1 in Unarmed Combat
   803 | D:2      | Reached skill level 1 in Spellcasting
   803 | D:2      | Reached skill level 1 in Evocations
   812 | D:2      | Found a faded altar of an unknown god.
   847 | D:2      | Reached XP level 4. HP: 27/41 MP: 5/5
   876 | D:2      | Prayed at the altar of an unknown god.
   876 | D:2      | Fell from the grace of Xom
   876 | D:2      | Became a worshipper of Hepliaklqana the Forgotten
   876 | D:2      | Reached * piety under Hepliaklqana
  1173 | D:2      | XOM: summons 1 hostile shadow creature
  1230 | D:2      | Learned a level 4 spell: Fulminant Prism
  1378 | D:2      | Reached skill level 1 in Conjurations
  1378 | D:2      | Reached skill level 1 in Hexes
  1378 | D:2      | Reached skill level 1 in Summonings
  1378 | D:2      | Reached skill level 1 in Necromancy
  1378 | D:2      | Reached skill level 1 in Translocations
  1378 | D:2      | Reached skill level 1 in Transmutations
  1378 | D:2      | Reached skill level 1 in Fire Magic
  1378 | D:2      | Reached skill level 1 in Ice Magic
  1378 | D:2      | Reached skill level 1 in Air Magic
  1378 | D:2      | Reached skill level 1 in Earth Magic
  1378 | D:2      | Reached skill level 1 in Poison Magic
  1741 | D:1      | Reached ** piety under Hepliaklqana
  1742 | D:1      | Remembered your ancestor Zordon as a battlemage
  1875 | D:1      | XOM: summons 6 hostile demons
  2455 | D:3      | Reached XP level 5. HP: 38/42 MP: 5/7
  2527 | D:4      | XOM: noise
  2586 | D:4      | Learned a level 3 spell: Stone Arrow
  2609 | D:5      | Entered Level 5 of the Dungeon
  2621 | D:5      | Reached XP level 6. HP: 47/47 MP: 5/8
  2645 | D:5      | Reached skill level 5 in Armour
  2761 | D:5      | Found a glowing drain.
  2770 | Sewer    | Entered a sewer
  2834 | Sewer    | XOM: 2-stop teleportation journey
  2843 | Sewer    | XOM: noise
  2982 | Sewer    | Reached XP level 7. HP: 51/54 MP: 10/10
  3053 | Sewer    | XOM: give mutations
  3053 | Sewer    | Gained mutation: You are frail. (-10% HP) [Xom's mischief]
  3053 | Sewer    | Gained mutation: Your body sometimes deteriorates upon
                  | taking damage. [Xom's mischief]
  3053 | Sewer    | Lost mutation: Your body sometimes deteriorates upon taking
                  | damage. [Xom's mischief]
  3053 | Sewer    | Gained mutation: You are very frail. (-20% HP) [Xom's
                  | mischief]
  3724 | D:5      | Found a bloodstained altar of Trog.
  3895 | D:5      | Found a runed translucent door.
  3900 | D:5      | Reached XP level 8. HP: 5/46 MP: 12/12
  3910 | D:5      | Noticed leafyfresh's ghost (weakling OpDe)
  4499 | D:5      | XOM: god gift: scroll of enchant armour
  4578 | D:5      | Killed leafyfresh's ghost
  4755 | D:6      | HP: 2/46 [poisoned by an orc wizard]
  4755 | D:6      | Slain by an orc priest

Illustrated notes

Levels and vault maps discovered:
D:1:      lightli_arrival_lavapool, layout_basic
D:2:      layout_loops_ring, hellmonk_ecumenical_altar_slurped_away,
          uniq_jessica
D:3:      layout_rooms, old_standard_altar, pdpol_wu_jian_five_deadly_venoms,
          minmay_quantized
D:4:      layout_loops_corners, grunt_temple_overflow_open, uniq_grinder
D:5:      layout_loops_ring, lemuel_crystal_altar, lightli_sewer_entry_pipes,
          ebering_ghost_sewer_d
D:6:      layout_basic, nicolae_vehumet_altar_sigil,
          nicolae_overflow_hidden_temple, mainiacjoe_overflow_alcove_4

Skill      XL: |  1  2  3  4  5  6  7 |
---------------+----------------------+-----
Invocations    | 1 2 3 |  3.9
Short Blades   | 1 2 3 |  3.5
Long Blades    | 1 2 3 |  3.5
Maces & Flails | 1 2 3 |  3.5
Polearms       | 1 2 3 |  3.5
Staves         | 1 2 3 |  3.5
Ranged Weapons | 1 2 3 |  3.5
Throwing       | 1 2 3 |  3.5
Stealth        | 1 2 3 |  3.5
Shields        | 1 2 3 |  3.5
Unarmed Combat | 1 2 3 |  3.5
Spellcasting   | 1 2 3 |  3.5
Evocations     | 1 2 3 |  3.5
Conjurations   | 1 2 |  2.9
Hexes          | 1 2 |  2.9
Summonings     | 1 2 |  2.9
Necromancy     | 1 2 |  2.9
Translocations | 1 2 |  2.9
Transmutations | 1 2 |  2.9
Fire Magic     | 1 2 |  2.9
Ice Magic      | 1 2 |  2.9
Air Magic      | 1 2 |  2.9
Earth Magic    | 1 2 |  2.9
Poison Magic   | 1 2 |  2.9
Dodging        | 3 4 |  4.4
Armour         | 5 |  5.8
Fighting       | 7 |  7.5
Axes           | 7 |  7.5

Action                   |  1- 3 |  4- 6 |  7- 9 || total
-------------------------+-------+-------+-------++-------
Melee: Hand axe          |    60 |    89 |    74 ||   223
       Bite              |     4 |    10 |     9 ||    23
       Punch             |       |     2 |     3 ||     5
Throw: Dart              |       |       |     1 ||     1
Invok: Ancestor Life: Ba |       |     1 |       ||     1
       Ancestor Identity |       |     1 |       ||     1
       Recall Ancestor   |       |     2 |     1 ||     3
Evoke: Piece from Xom's  |     1 |     2 |     6 ||     9
  Use: Scroll            |     1 |     6 |     7 ||    14
       Potion            |     1 |     2 |     4 ||     7
 Stab: Paralysed         |     1 |       |       ||     1
       Invisible         |       |     2 |       ||     2
       Petrifying        |       |     1 |       ||     1
       Distracted        |       |       |     3 ||     3
       Confused          |       |       |     1 ||     1
Armor: Leather armour    |    19 |       |       ||    19
       Ring mail         |    10 |    48 |    47 ||   105
Dodge: Dodged            |    35 |    97 |    61 ||   193
